 Dungeon Crawl Stone Soup version 0.30-a0-824-g6c64550be9 (webtiles) character file.

Game seed: 637424477734154021

90728 cforsyth the Unseen (level 16, -1/102 HPs)
             Began as a Kobold Brigand on Feb 27, 2023.
             Was the Champion of Hepliaklqana.
             Slain by an orc warrior
             ... wielding a +2 glaive of venom
             ... led by an orc knight
              (13 damage)
             ... on level 15 of the Dungeon.
             The game lasted 00:49:48 (29131 turns).

cforsyth the Unseen (Kobold Brigand)               Turns: 29131, Time: 00:49:49

Health: -1/102     AC: 18    Str: 10    XL:     16   Next: 48%
Magic:  16/16      EV: 27    Int: 12    God:    Hepliaklqana [******]
Gold:   1184       SH:  0    Dex: 27    Spells: 15/15 levels left

rFire   + . .      SeeInvis .    p - +6 dagger "Muirrext" {speed, Will+ rCorr}
rCold   . . .      Faith    .    (no shield)
rNeg    + + .      Spirit   .    h - +4 ring mail of Shadows and Fog {Dex+4}
rPois   .          Reflect  .    (no helmet)
rElec   .          Harm     .    c - +0 cloak
rCorr   +          Rampage  .    L - +2 pair of gloves
Will    ++...                    J - +0 pair of boots
Stlth   ++++++++                 b - amulet of regeneration
HPRegen 1.17/turn                r - +4 ring of protection
MPRegen 0.15/turn                K - ring of Dufujax {rF+ rN++}

@: lethally poisoned (-1 -> -7), studying 2 skills
A: reduced essence, small, no large weapons, nightstalker 3
a: Renounce Religion, Recall Ancestor, Ancestor Identity, Transference, Idealise


You were on level 15 of the Dungeon.
You worshipped Hepliaklqana.
Hepliaklqana was exalted by your worship.
You visited 4 branches of the dungeon, and saw 23 of its levels.
You also visited: Sewer, Ossuary, Bailey and Ice Cave.

You collected 2182 gold pieces.
You spent 998 gold pieces at shops.

Inventory:

Hand Weapons
 p - the +6 dagger "Muirrext" (weapon) {speed, Will+ rCorr}
   (You found it on level 2 of the Dungeon)

   rCorr:     It protects you from acid and corrosion.
   Will:      It increases your willpower.
 P - the +8 whip "Snakebite" {venom, curare, rPois}
   (You found it in a bailey)

   rPois:     It protects you from poison.
Missiles
 d - 29 poisoned darts (quivered)
 e - 4 curare-tipped darts
 s - 2 atropa-tipped darts
 Q - a throwing net
Armour
 c - a +0 cloak (worn)
 h - the +4 ring mail of Shadows and Fog (worn) {Dex+4}
   (You found it on level 6 of the Dungeon)

   Dex:       It affects your dexterity (+4).
 F - the +2 helmet of the Slug {Rampage rN+ Will- Dex+3}
   (You bought it in a shop on level 2 of the Orcish Mines)

   Dex:       It affects your dexterity (+3).
   rN:        It protects you from negative energy.
   Rampage:   It bestows one free step when moving towards enemies.
   Will:      It decreases your willpower.
 J - a +0 pair of boots (worn)
 L - a +2 pair of gloves (worn)
Jewellery
 b - an amulet of regeneration (around neck)
 m - an amulet of reflection
 r - a +4 ring of protection (left hand)
 K - the ring of Dufujax (right hand) {rF+ rN++}
   (You found it on level 7 of the Dungeon)

   [ring of protection from fire]

   rF:        It protects you from fire.
   rN:        It greatly protects you from negative energy.
 N - a ring of positive energy
 O - a +4 ring of protection
 T - a ring of protection from cold
 V - a ring of poison resistance
 X - a ring of positive energy
 Z - a ring of protection from cold
Wands
 q - a wand of flame (58)
 u - a wand of iceblast (13)
 E - a wand of acid (11)
 G - a wand of charming (12)
 R - a wand of mindburst (3)
Scrolls
 g - 2 scrolls of silence
 j - 3 scrolls of magic mapping
 k - 7 scrolls of fog
 l - 14 scrolls of teleportation
 o - 2 scrolls of butterflies
 v - 2 scrolls of immolation
 x - 4 scrolls of poison
 y - a scroll of fear
 B - 3 scrolls of brand weapon
 C - 4 scrolls of vulnerability
 I - 5 scrolls of enchant weapon
 M - 3 scrolls of blinking
 S - 2 scrolls of enchant armour
Potions
 a - 2 potions of invisibility
 f - 6 potions of curing
 i - 5 potions of berserk rage
 n - 5 potions of resistance
 t - 4 potions of lignification
 w - 5 potions of heal wounds
 z - 7 potions of haste
 A - 7 potions of ambrosia
 D - 7 potions of flight
 H - 3 potions of mutation
 U - 4 potions of brilliance
 W - 4 potions of might
 Y - 2 potions of attraction


   Skills:
 + Level 18.2 Fighting
 + Level 18.2 Short Blades
 - Level 2.1 Throwing
 + Level 16.7 Dodging
 + Level 20.1 Stealth
 + Level 3.0 Shields


You had 15 spell levels left.
You didn't know any spells.
Your spell library contained the following spells:

 Spells                   Type           Power      Damage    Failure   Level
 Summon Small Mammal      Summ           0%         N/A       65%         1
 Call Canine Familiar     Summ           0%         N/A       95%         3
 Frozen Ramparts          Ice            0%         1d1       95%         3
 Inner Flame              Hex/Fire       0%         N/A       95%         3
 Summon Guardian Golem    Hex/Summ       0%         N/A       95%         3
 Vhi's Electric Charge    Tloc/Air       0%         N/A       95%         3
 Animate Armour           Summ/Erth      0%         N/A       100%        4
 Animate Dead             Necr           0%         N/A       100%        4
 Cause Fear               Hex            0%         N/A       100%        4
 Ice Form                 Ice/Tmut       0%         N/A       100%        4
 Summon Ice Beast         Ice/Summ       0%         N/A       100%        4
 Summon Lightning Spire   Summ/Air       0%         N/A       100%        4
 Arcjolt                  Conj/Air       0%         1d10      100%        5
 Blade Hands              Tmut           0%         N/A       100%        5
 Irradiate                Conj/Tmut      0%         3d11      100%        5
 Summon Forest            Summ/Tloc      0%         N/A       100%        5
 Summon Mana Viper        Hex/Summ       0%         N/A       100%        5
 Iron Shot                Conj/Erth      0%         9d1       100%        6
 Summon Cactus Giant      Summ           0%         N/A       100%        6
 Dragon Form              Tmut           0%         N/A       100%        7
 Haunt                    Necr/Summ      0%         N/A       100%        7
 Storm Form               Tmut/Air       0%         N/A       100%        7
 Discord                  Hex            0%         N/A       100%        8
 Infestation              Necr           0%         N/A       100%        8
 Maxwell's Capacitive Co  Air            0%         ∞         100%        8


Dungeon Overview and Level Annotations

Branches:
Dungeon (15/15)            Temple (1/1) D:4            Lair (5/5) D:10
  Swamp (0/4) Lair:3       Spider (0/4) Lair:3        Slime (0/5) Lair:5
    Orc (2/2) D:10            Elf (0/3) Orc:2        Vaults (0/5) D:14
  Sewer (visited)         Ossuary (visited)          Bailey (visited)
  IceCv (visited)
 Depths: D:15

Altars:
Ashenzari
Cheibriados
Dithmenos
Elyvilon
Fedhas
Gozag
Hepliaklqana
Kikubaaqudgha
Makhleb
Nemelex Xobeh
Okawaru
Qazlal
Ru
Sif Muna
Trog
Uskayaw
Vehumet
Wu Jian
Xom
Yredelemnul
Zin
The Shining One

Shops:
D:6 [   D:8 *:*   D:9 (   D:12 :   Orc:2 *[(*

Annotations:
D:10 2 transporters, Twinkles's ghost, journeyman SpDe
Lair:5 1 runed translucent door


Innate Abilities, Weirdness & Mutations

Your life essence is reduced to manifest your ancestor. (-10% HP)
You are small and have problems with some larger weapons.
You are completely attuned to the shadows.


Message History

The cyan ugly thing is lightly wounded.
You feel sick.
Si-Tayit gestures at the orc warrior while chanting.
The orc appears confused.
You puncture the cyan ugly thing!
The cyan ugly thing is moderately wounded.
You feel sick.
You hit the cyan ugly thing.
The cyan ugly thing is moderately wounded.
You feel sick. The cyan ugly thing barely misses you.
What are your orders? t - Shout!
Orders for allies: a - Attack new target. r - Retreat! s - Stop attacking. g - Guard the area. f - Follow me.
Anything else - Cancel.
Gang up on whom?
Press: ? - help, Dir - move target, f - cyan ugly thing
Aim: a cyan ugly thing (moderately wounded) Attack!
You feel very sick.
An orc warrior comes into view. It is wielding a +0 short sword.
The orc warrior barely misses you.
The orc hits Si-Tayit but does no damage.
The orc hits the orc warrior with a +0 hand axe of freezing.
The orc freezes the orc warrior.
The orc barely misses Si-Tayit.
The orc hits itself with a +0 hand axe of freezing.
The orc freezes itself.
Si-Tayit hits the cyan ugly thing with a +0 dagger of draining.
Si-Tayit points at the cyan ugly thing and mumbles some strange words.
The cyan ugly thing resists with some effort.
The cyan ugly thing punches you.
* * * LOW HITPOINT WARNING * * *
The cyan ugly thing shocks you!
* * * LOW HITPOINT WARNING * * *
You hit the cyan ugly thing but do no damage.
The cyan ugly thing is moderately wounded.
You feel sick.
The orc warrior hits you from afar with a +2 glaive of venom!
You die...

...o #...
..oo##+###.
...oR......
#u@......
#........
#........
###'##### ..
#.....#
...##.....#
.....#......#
#...........#
#..[##.######


You could see the friendly Si-Tayit the hexer, a cyan ugly thing (ally target),
2 orc warriors and 2 orcs.

Vanquished Creatures
  Rupert (Lair:4)
  The ghost of bigduke15 the Devastator, a journeyman TeCj of Sif Muna (Orc:2)
  Azrael (Orc:1)
  3 hydras
  Erolcha (D:13)
  7 vault guards
  2 catoblepae (Lair:5)
  A centaur warrior (D:14)
  An ogre mage (Orc:2)
  Erica (D:9)
  7 two-headed ogres
  7 death yaks (Lair:5)
  3 boulder beetles
  7 orc high priests
  2 tengu warriors
  A sun demon (D:11)
  A sixfirhy (D:11)
  A lindwurm (Lair:5)
  Pikel (D:9)
  An orc knight (D:15)
  19 ugly things
  3 manticores
  22 elephants
  4 black mambas
  2 ice statues (IceCv)
  Joseph (D:9)
  5 cyclopes
  An unseen horror (D:13)
  2 rust devils (D:11)
  8 cane toads
  2 rime drakes (Lair:3)
  A gargoyle (D:11)
  Maggie (D:8)
  Psyche (D:8)
  6 komodo dragons
  2 trolls
  A hellwing (D:11)
  17 blink frogs
  A hornet (D:9)
  6 slime creatures (D:14)
  5 spriggans
  3 wraiths
  4 wyverns
  2 shadows
  A fire elemental (Orc:2)
  2 basilisks
  2 vampires
  25 yaks
  A death yak simulacrum (IceCv)
  A chaos spawn (D:11)
  8 wargs
  Menkaure (D:4)
  16 water moccasins
  4 hell hounds
  An ice beast (D:5)
  15 orc warriors
  5 black bears
  11 centaurs
  20 ogres
  2 kobold brigands
  3 phantoms
  Blork the orc (D:4)
  5 bullfrogs
  3 scorpions
  A gnoll sergeant (D:8)
  2 elf zombies (Ossuary)
  2 wights (D:8)
  A troll zombie (D:10)
  3 howler monkeys
  3 electric eels
  A centaur zombie (Ossuary)
  A human zombie (Ossuary)
  2 jellies (D:6)
  29 orc priests
  4 gnoll boudas
  A hound (D:6)
  4 iguanas
  A sickly merfolk siren (Sewer)
  5 hell rats (Lair:2)
  20 orc wizards
  A wolf simulacrum (IceCv)
  5 ogre zombies (D:10)
  3 mummies
  19 gnolls
  7 adders
  4 river rats (Sewer)
  2 shadow imps (D:5)
  2 white imps
  An ufetubus (D:4)
  A worm (D:3)
  71 orcs
  7 ball pythons
  5 bats
  7 endoplasms
  2 giant cockroaches
  4 goblins
  5 hobgoblins
  5 quokkas
  6 frilled lizards
  7 goblin zombies
  A hobgoblin skeleton (D:10)
  15 hobgoblin zombies
  4 jackal zombies
  4 kobolds
  4 kobold zombies (Ossuary)
  12 orc zombies
  31 rats
  2 rat zombies (Ossuary)
  A butterfly (Lair:3)
614 creatures vanquished.

Vanquished Creatures (collateral kills)
  A dire elephant (Lair:2)
  A vault guard (D:13)
  A hydra (Lair:3)
  A catoblepas (Lair:5)
  A death yak (Lair:5)
  An orc high priest (Orc:2)
  3 ugly things
  9 elephants
  A cane toad (Lair:4)
  An unseen horror (D:12)
  4 blink frogs
  A spriggan (Bailey)
  A vampire (D:12)
  3 fire elementals
  A shadow (D:10)
  3 yaks
  A steam dragon (Bailey)
  3 wargs
  A water moccasin (Lair:5)
  3 orc warriors
  A black bear (Lair:2)
  3 ogres (Bailey)
  A centaur (D:14)
  A wight (D:8)
  An elephant simulacrum (IceCv)
  A howler monkey (D:12)
  2 electric eels (D:12)
  4 orc priests
  A gnoll bouda (D:9)
  2 orc wizards (Orc:2)
  A malarious merfolk avatar (Sewer)
  2 ogre zombies (D:10)
  5 gnolls
  2 adders (Sewer)
  18 orcs
  A quokka (Sewer)
  A frilled lizard (Sewer)
  A goblin zombie (D:10)
  4 hobgoblin zombies
  2 kobold zombies (Ossuary)
  An orc skeleton (D:10)
  6 orc zombies
  A rat (Sewer)
103 creatures vanquished.

Vanquished Creatures (others)
  7 hexers
  2 gnolls (D:8)
  An orc (Orc:2)
  8 demonic plants (D:11)
  85 fungi
  83 plants
186 creatures vanquished.

Grand Total: 903 creatures vanquished

Notes
Turn   | Place    | Note
-------+----------+-------------------------------------------
     0 | D:1      | cforsyth the Kobold Brigand began the quest for the Orb.
     0 | D:1      | Reached XP level 1. HP: 12/12 MP: 1/1
   105 | D:1      | Reached XP level 2. HP: 18/18 MP: 2/2
  1220 | D:2      | Identified the +6 dagger "Muirrext" {speed, Will+ rCorr}
  1226 | D:2      | Reached XP level 3. HP: 22/22 MP: 3/3
  1411 | D:3      | Reached XP level 4. HP: 26/27 MP: 4/4
  1693 | D:3      | Reached skill level 6 in Stealth
  1723 | D:3      | Reached XP level 5. HP: 26/32 MP: 5/5
  2174 | D:4      | Found a staircase to the Ecumenical Temple.
  2198 | Temple   | Entered the Ecumenical Temple
  2649 | Temple   | Became a worshipper of Hepliaklqana the Forgotten
  2717 | D:4      | Noticed Blork the orc
  2954 | D:4      | Noticed Menkaure
  2957 | D:4      | Killed Menkaure
  2958 | D:4      | Reached XP level 6. HP: 38/38 MP: 6/6
  3014 | D:5      | Entered Level 5 of the Dungeon
  3047 | D:5      | Noticed a black bear
  3060 | D:5      | Killed a black bear
  3061 | D:5      | Reached skill level 5 in Short Blades
  3061 | D:5      | Reached skill level 7 in Stealth
  3061 | D:5      | Reached XP level 7. HP: 41/43 MP: 7/7
  3686 | D:5      | Reached skill level 5 in Fighting
  3686 | D:5      | Reached skill level 5 in Dodging
  3686 | D:5      | Reached XP level 8. HP: 49/49 MP: 8/8
  3712 | D:5      | Reached skill level 8 in Stealth
  4325 | D:6      | Found a sand-covered staircase.
  4332 | Ossuary  | Entered an ossuary
  4332 | Ossuary  | Reached * piety under Hepliaklqana
  4559 | Ossuary  | Reached skill level 9 in Stealth
  4663 | D:6      | Found Hyliuf's Armour Emporium.
  4715 | D:6      | Reached XP level 9. HP: 49/49 MP: 9/9
  4718 | D:6      | Found a glowing drain.
  4727 | Sewer    | Entered a sewer
  5121 | D:6      | Identified the +4 ring mail of Shadows and Fog {Dex+4}
  5139 | D:6      | Identified the +6 trident "Raxoox" {heavy, Dex+3}
  5574 | D:6      | Reached skill level 10 in Stealth
  5864 | D:7      | Found a shimmering altar of Xom.
  6351 | D:7      | Reached ** piety under Hepliaklqana
  6352 | D:7      | Remembered your ancestor Si-Tayit as a hexer
  6365 | D:7      | Identified the ring of Dufujax {rF+ rN++}
  6962 | D:7      | Found a sparkling altar of Nemelex Xobeh.
  7317 | D:4      | Killed Blork the orc
  8064 | D:8      | Noticed Maggie
  8070 | D:8      | Reached XP level 10. HP: 53/56 MP: 10/10
  8073 | D:8      | Noticed Psyche
  8087 | D:8      | Killed Maggie
  8090 | D:8      | Killed Psyche
  8091 | D:8      | Reached skill level 11 in Stealth
  8270 | D:8      | Found Doxtegh's Assorted Antiques.
  8281 | D:8      | Found Hex Qof's Book Shop.
  8970 | D:8      | Found Cashrakhi's General Store.
  9223 | D:9      | Found Xeat Xorph's Antique Weapon Shop.
  9287 | D:9      | Reached skill level 10 in Short Blades
  9302 | D:9      | Reached *** piety under Hepliaklqana
  9303 | D:9      | Found a flagged portal.
  9305 | D:9      | Noticed Pikel
  9306 | D:9      | Noticed Joseph
  9309 | Bailey   | Entered a bailey
  9366 | Bailey   | Noticed a two-headed ogre
  9401 | Bailey   | Killed a two-headed ogre
  9402 | Bailey   | Reached skill level 12 in Stealth
  9402 | Bailey   | Reached XP level 11. HP: 50/62 MP: 11/11
  9595 | Bailey   | Found the +8 whip "Snakebite" {venom, curare, rPois}
  9704 | D:9      | Killed Pikel
  9705 | D:9      | Reached skill level 10 in Dodging
  9911 | D:9      | Killed Joseph
 10035 | D:9      | Reached skill level 13 in Stealth
 10054 | D:9      | Identified the +1 robe of the End {Contam rElec Int+7}
 10162 | D:9      | Noticed Erica
 10165 | D:9      | Killed Erica
 10434 | D:10     | Entered Level 10 of the Dungeon
 10473 | D:10     | Noticed a two-headed ogre
 10473 | D:10     | Noticed a tengu warrior
 10483 | D:10     | Found a transporter.
 10484 | D:10     | Found a transporter.
 10531 | D:10     | Found a staircase to the Orcish Mines.
 10801 | D:10     | Reached skill level 10 in Fighting
 11083 | D:10     | Reached **** piety under Hepliaklqana
 11177 | D:10     | Noticed a moth of wrath
 11183 | D:10     | Noticed Twinkles's ghost (journeyman SpDe)
 11203 | D:10     | Found a staircase to the Lair.
 11342 | D:10     | Reached XP level 12. HP: 52/69 MP: 12/12
 12010 | D:11     | Noticed a sixfirhy
 12099 | D:11     | Noticed a sun demon
 12128 | D:11     | Killed a sun demon
 12129 | D:11     | Reached skill level 14 in Stealth
 12475 | D:11     | Killed a sixfirhy
 13769 | D:12     | Noticed a boulder beetle
 13773 | D:12     | Killed a boulder beetle
 13823 | D:12     | Reached ***** piety under Hepliaklqana
 14129 | D:12     | Reached skill level 15 in Stealth
 14136 | D:12     | Found Cupuir's Book Shop.
 14164 | D:12     | You fall into a shaft and drop 1 floor!
 15089 | D:13     | Noticed an eight-headed hydra
 15093 | D:13     | Killed an eight-headed hydra
 15094 | D:13     | Reached XP level 13. HP: 75/75 MP: 13/13
 15384 | D:13     | Noticed Erolcha
 15387 | D:13     | Killed Erolcha
 15743 | D:13     | Found a snail-covered altar of Cheibriados.
 15878 | Lair:1   | Entered Level 1 of the Lair of Beasts
 17037 | Lair:2   | Reached skill level 16 in Stealth
 17072 | Lair:2   | Found a hide-covered altar of Uskayaw.
 17204 | Lair:2   | Identified a scroll of acquirement
 17205 | Lair:2   | Acquired a manual of Fighting
 17332 | Lair:2   | Noticed a six-headed hydra
 17337 | Lair:2   | Killed a six-headed hydra
 17639 | Lair:2   | Reached ****** piety under Hepliaklqana
 17871 | Lair:2   | Noticed a dire elephant
 17944 | Lair:2   | Killed a dire elephant
 18194 | Lair:2   | Reached skill level 15 in Short Blades
 18252 | Lair:2   | Reached XP level 14. HP: 81/84 MP: 14/14
 18392 | Lair:2   | Reached skill level 17 in Stealth
 18873 | Lair:3   | Found a hole to the Spider Nest.
 19015 | Lair:3   | Found a staircase to the Swamp.
 19835 | Lair:4   | Noticed Rupert
 19857 | Lair:4   | Killed Rupert
 20270 | Lair:4   | Reached skill level 15 in Fighting
 21025 | Lair:5   | Entered Level 5 of the Lair of Beasts
 21065 | Lair:5   | Reached skill level 18 in Stealth
 21192 | Lair:5   | Reached skill level 15 in Dodging
 21207 | Lair:5   | Reached XP level 15. HP: 80/92 MP: 15/15
 22255 | Lair:5   | Found a runed translucent door.
 22258 | Lair:5   | Found a staircase to the Slime Pits.
 22262 | Lair:5   | Identified the +1 ring mail of Death's Door {rPois rC+
                  | Regen+}
 22722 | Orc:1    | Entered Level 1 of the Orcish Mines
 23078 | Orc:2    | Entered Level 2 of the Orcish Mines
 23114 | Orc:2    | Found a frozen archway.
 23120 | IceCv    | Entered an ice cave
 23315 | IceCv    | Found a transporter.
 23340 | IceCv    | Found a transporter.
 24210 | Orc:2    | Noticed Azrael
 24314 | Orc:1    | Killed Azrael
 24315 | Orc:1    | Reached skill level 19 in Stealth
 25325 | Orc:2    | Found Vem Fip's Antique Weapon Boutique.
 25334 | Orc:2    | Found Xytiyxt's Assorted Antiques.
 25455 | Orc:2    | Found Waet's Antique Armour Emporium.
 25540 | Orc:2    | Bought a polished helmet for 256 gold pieces
 25540 | Orc:2    | Identified the +2 helmet of the Slug {Rampage rN+ Will-
                  | Dex+3} (You bought it in a shop on level 2 of the Orcish
                  | Mines)
 25545 | Orc:2    | Found Loblit's General Store.
 25822 | Orc:2    | Found a runed translucent door.
 26051 | Orc:2    | Found a staircase to the Elven Halls.
 26520 | Orc:2    | Noticed bigduke15's ghost (journeyman TeCj)
 26540 | Orc:2    | Killed bigduke15's ghost
 26543 | Orc:2    | Got the Book of the Unified Sixfirhy
 26572 | Orc:2    | Bought a smoking troll leather armour for 540 gold pieces
 26572 | Orc:2    | Identified the +0 troll leather armour of the Endless
                  | Nightmares {rElec rC- Regen+ Str+2 Int+7} (You bought it in
                  | a shop on level 2 of the Orcish Mines)
 26576 | Orc:2    | Bought a pair of embroidered gloves for 202 gold pieces
 26840 | D:14     | Found a gate to the Vaults.
 26933 | D:13     | Reached XP level 16. HP: 99/100 MP: 16/16
 27633 | D:14     | Reached skill level 1 in Shields
 27655 | D:14     | Acquired a manual of Shields
 28715 | D:14     | Reached skill level 20 in Stealth
 29010 | D:15     | Entered Level 15 of the Dungeon
 29131 | D:15     | Slain by an orc warrior

Illustrated notes

Levels and vault maps discovered:
D:1:      tarquinn_simple_flora_water_a, layout_rooms
D:2:      layout_basic, minmay_stone_trees_medium
D:3:      layout_rooms, kennysheep_crisscross
D:4:      layout_basic, minmay_temple_entry_glass,
          chequers_serial_rivers_large_a, uniq_menkaure, uniq_blork_the_orc
D:5:      layout_basic
D:6:      layout_basic, portal_sewer_entry_d, enter_ossuary_3, serial_shops,
          shop
D:7:      layout_layer_cave, mainiacjoe_overflow_cross_hatched,
          nemelex_dance_club_becter
D:8:      layout_basic, serial_shops, shop, nicolae_shop_stone,
          nicolae_shop_crystal, uniq_maggie, uniq_psyche
D:9:      layout_roguey, serial_shops, shop_fountains, enter_bailey_6,
          uniq_erica, uniq_joseph, uniq_pikel
D:10:     layout_irregular_city, david_lair_generic, zombieorc2_lemuel,
          gammafunk_ghost_wrathful_warriors, minmay_lindwurm_lava
D:11:     layout_basic, serial_demonic, serial_demonic_f, serial_demonic_b,
          serial_demonic_b, serial_demonic_g, serial_demonic_c,
          serial_demonic_e, serial_demonic_c, serial_demonic_b
D:12:     layout_small_grid, serial_shops, shop, serial_bayou_lagoon_b
D:13:     layout_stronghold, slow_altar_2, uniq_erolcha
D:14:     kennysheep_seaside_town, layout_gridville, erik_vaults_2,
          nicolae_two_hexagons
D:15:     gammafunk_depths_entry_grave, layout_basic, minmay_parallelograms,
          minmay_hollow_rounded_squares
Temple:   mainiacjoe_temple_big_plus
Lair:1:   layout_hall_layers, chequers_serial_rivers_large_b,
          chequers_serial_rivers_small_a, nicolae_quartered_pool_super,
          minivault_27
Lair:2:   mu_elephants_graveyard, layout_small_grid, basic_altar
Lair:3:   layout_cave_shapes, minmay_swamp_entry_reptiles,
          spider_nest_entry_web_field, minmay_holes, infiniplex_staircase_pool,
          serial_bayou_shore_b, lemuel_fruit_fields, lemuel_fruit_tree
Lair:4:   layout_cave_pods, cheibrodos_lair_reptile_den, uniq_rupert
Lair:5:   evilmike_catoblepas_cave, layout_gridlike, slime_entry_2,
          nicolae_lair_lindhole
Orc:1:    layout_caves
Orc:2:    st_orc_town, layout_caves, portal_ice_cave_entry_pillars_1,
          special_room, ebering_ghost_reflecting_pool, basic_altar,
          nooodl_orcs_dogs, uniq_azrael

Skill      XL: |  1  2  3  4  5  6  7  8  9 10 11 12 13 14 15 16 |
---------------+-------------------------------------------------+-----
Short Blades   | 3 4 5 6 7 8 10 12 13 15 16 17 18 | 18.2
Dodging        | 2 3 4 5 6 7 9 11 12 13 15 16 | 16.7
Fighting       | 3 4 5 6 7 8 10 11 13 15 17 18 | 18.2
Stealth        | 6 7 9 10 12 13 15 16 18 19 20 | 20.1
Shields        | 3 |  3.0
Throwing       | |  2.1

Action                     |  1- 3 |  4- 6 |  7- 9 | 10-12 | 13-15 | 16-18 || total
---------------------------+-------+-------+-------+-------+-------+-------++-------
  Melee: Dagger            |    65 |    72 |   369 |   772 |  1915 |   424 ||  3617
         Punch             |       |       |     4 |    16 |    42 |    18 ||    80
 Invoke: Ancestor Life: He |       |       |     1 |       |       |       ||     1
         Recall Ancestor   |       |       |       |       |     2 |     3 ||     5
    Use: Scroll            |       |       |    17 |    11 |     6 |     1 ||    35
         Potion            |       |       |       |     1 |     1 |       ||     2
   Stab: Sleeping          |    14 |    17 |    57 |    30 |    39 |       ||   157
         Distracted        |       |       |     2 |     9 |    34 |    10 ||    55
         Confused          |       |       |     2 |    10 |    31 |     8 ||    51
         Invisible         |       |       |       |     1 |       |       ||     1
         Paralysed         |       |       |       |       |    18 |    11 ||    29
 Armour: Robe              |     8 |     7 |    23 |     4 |       |       ||    42
         Ring mail         |       |       |       |    93 |   190 |    53 ||   336
  Dodge: Dodged            |    24 |    33 |   115 |   302 |   883 |   228 ||  1585
  Block: Other             |       |       |    30 |    75 |    46 |       ||   151
         Reflection        |       |       |     1 |     1 |       |       ||     2

Table legend: (Time is in decaauts)
 A = Elapsed time spent in this place.
 B = Non-inter-level travel time spent in this place.
 C = Inter-level travel time spent in this place.
 D = Time resting spent in this place.
 E = Time spent auto-exploring this place.
 F = Levels seen in this place.
 G = Mean time per level.
                   A        B        C        D        E       F      G
               +--------+--------+--------+--------+--------+-----+--------+
         Total |  26855 |  25233 |   1622 |   3149 |  17936 |  27 |  994.6 |
       Dungeon |  15950 |  14763 |   1187 |   1159 |  11507 |  15 | 1063.3 |
        Temple |    512 |    490 |     22 |      0 |    472 |   1 |  512.0 |
          Lair |   6061 |   5730 |    331 |    237 |   4577 |   5 | 1212.2 |
  Orcish Mines |   2668 |   2587 |     81 |    969 |   1119 |   2 | 1334.0 |
         Sewer |    339 |    339 |      0 |      0 |    193 |   1 |  339.0 |
       Ossuary |    209 |    209 |      0 |      0 |     16 |   1 |  209.0 |
        Bailey |    318 |    318 |      0 |    102 |     35 |   1 |  318.0 |
      Ice Cave |    795 |    795 |      0 |    682 |     16 |   1 |  795.0 |
               +--------+--------+--------+--------+--------+-----+--------+

Top non-repeatable levels by time:
  Lair:2: 1615 daAuts
    D:14: 1536 daAuts
    D:11: 1513 daAuts
     D:7: 1503 daAuts
    D:13: 1475 daAuts
     D:5: 1424 daAuts
   Orc:2: 1392 daAuts
    D:10: 1358 daAuts
  Lair:4: 1298 daAuts
   Orc:1: 1276 daAuts
    D:12: 1249 daAuts
  Lair:5: 1225 daAuts
  Lair:1: 1178 daAuts
     D:8: 978 daAuts
     D:4: 893 daAuts
